Map: Hecate LE

Players

Subwayeatn

  • Race: Zerg Zerg
  • League: Platinum
  • Spawn Location: 1:00

JagHasie - Winner!

  • Race: Terran Terran
  • League: Platinum
  • Spawn Location: 7:00

VOD

Have the link to the VOD?

Description

Time

  • Played on: Nov. 10, 2023, 7:41 p.m.
  • Length: 13:48
Show
View Real Time Build Order
Export as new Build Order

Subwayeatn Zerg 

Build Orders: Hatch First 

Get SALT Encoding   

  12  0:01  Drone  
  13  0:12  Overlord  
  13  0:16  Drone  
  14  0:30  Drone x2  
  16  0:49  Hatchery  
  15  0:53  Drone  
  15  0:56  Drone  
  17  0:59  Drone  
  17  1:03  Extractor  
  17  1:15  Spawning Pool  
  17  1:17  Drone  
  17  1:21  Drone  
  18  1:29  Drone  
  19  1:38  Drone  
  20  1:52  Overlord  
  20  2:03  Queen  
  20  2:04  Queen  
  24  2:10  Zergling x4  
  28  2:15  Drone x2  
  28  2:24  Metabolic Boost  
  28  2:27  Drone  
  28  2:28  Drone  
  30  2:32  Drone  
  30  2:34  Drone  
  32  2:41  Queen  
  34  2:46  Queen  
  36  2:52  Overlord  
  36  2:57  Overlord  
  36  3:10  Baneling Nest  
  36  3:12  Drone  
  36  3:16  Drone x4  
  40  3:25  Overlord  
  40  3:46  Zergling x4  
  42  3:49  Drone x7  
  42  3:51  Lair  
  42  3:52  Queen  
  51  3:57  Drone, Extractor  
  51  3:58  Drone  
  51  4:00  Overlord  
  52  4:11  Extractor  
  52  4:12  Extractor  
  50  4:23  Hatchery  
  49  4:28  Zergling x12  
  49  4:29  Zergling x4  
  57  4:35  Drone  
  58  4:40  Drone  
  58  4:41  Overlord x2  
  59  4:49  Drone  
  63  5:00  Drone x3  
  63  5:03  Spire  
  62  5:13  Zergling x2  
  62  5:17  Zergling x2  
  62  5:20  Drone x7  
  70  5:28  Pneumatized Carapace  
  70  5:29  Overlord  
  70  5:32  Overlord  
  70  5:35  Queen  
  72  5:41  Drone  
  72  5:42  Drone  
  74  5:47  Baneling  
  74  5:48  Baneling x10  
  74  5:49  Centrifugal Hooks, Evolution Chamber  
  73  5:50  Evolution Chamber  
  73  5:53  Queen  
  74  5:58  Overlord  
  74  6:05  Overseer  
  74  6:08  Overlord  
  74  6:15  Zergling x6  
  74  6:17  Mutalisk, Overlord x2  
  74  6:18  Mutalisk  
  80  6:27  Overseer  
  80  6:36  Zerg Melee Weapons Level 1, Zerg Ground Armor Level 1  
  80  6:37  Mutalisk  
  80  6:39  Overseer  
  82  6:45  Overlord  
  82  6:48  Overlord  
  82  7:04  Mutalisk  
  82  7:05  Mutalisk x2  
  82  7:06  Spine Crawler  
  82  7:08  Queen  
  88  7:15  Zerg Flyer Weapons Level 1  
  88  7:19  Drone x13  
  93  7:35  Spine Crawler  
  91  7:54  Drone x6  
  91  7:55  Drone x5, Extractor  
  91  7:56  Extractor  
  100  8:04  Overlord  
  100  8:06  Mutalisk  
  100  8:07  Mutalisk x3  
  100  8:08  Hatchery  
  100  8:11  Extractor  
  106  8:17  Spore Crawler  
  106  8:19  Spore Crawler x2  
  103  8:22  Spore Crawler x2  
  103  8:24  Overlord  
  101  8:32  Drone x3  
  101  8:34  Drone x7  
  107  8:35  Drone  
  107  8:40  Zergling x2  
  113  8:59  Zerg Melee Weapons Level 2, Zerg Ground Armor Level 2  
  113  9:00  Infestation Pit  
  112  9:03  Drone  
  112  9:06  Drone x4  
  112  9:07  Drone x4  
  121  9:13  Mutalisk x5  
  121  9:14  Mutalisk x2  
  135  9:28  Drone  
  135  9:29  Drone x5  
  141  9:34  Spine Crawler  
  141  9:35  Spore Crawler  
  141  9:36  Spine Crawler  
  138  9:39  Extractor  
  138  9:41  Zergling x22  
  138  9:42  Zergling x2  
  148  9:51  Queen  
  150  9:53  Drone x3  
  150  9:58  Overseer  
  150  9:59  Spore Crawler  
  152  10:02  Spine Crawler  
  152  10:04  Hive  
  149  10:16  Zergling x2  
  149  10:17  Zergling x28  
  149  10:18  Zergling x2  
  165  10:23  Baneling x7  
  165  10:24  Baneling x10  
  165  10:25  Zergling x2  
  165  10:26  Hatchery  
  165  10:28  Zerg Flyer Weapons Level 2  
  165  10:40  Overseer  
  165  10:41  Overlord x4  
  165  10:45  Overlord x2  
  164  10:59  Overlord x2  
  126  11:13  Zergling x2  
  126  11:14  Zergling x40  
  139  11:32  Ultralisk Cavern  
  118  11:34  Zergling x2  
  118  11:35  Zergling x16  
  118  11:39  Queen  
  107  11:51  Zergling x12  
  107  11:52  Zergling x12  
  106  12:10  Zergling x2  
  106  12:11  Zergling x10  
  109  12:21  Ultralisk x2  
  109  12:22  Ultralisk x3, Chitinous Plating  
  125  12:36  Extractor  
  114  12:38  Extractor  
  114  12:40  Ultralisk  
  119  12:53  Hatchery  
  119  12:56  Extractor x2  
  116  13:11  Hatchery  
Show
View Real Time Build Order
Export as new Build Order

JagHasie Terran - Winner!

Build Orders: 2 Factory, Mech 

Get SALT Encoding   

  12  0:01  SCV  
  13  0:13  SCV  
  14  0:21  Supply Depot  
  14  0:25  SCV  
  15  0:43  SCV  
  15  0:45  Barracks  
  16  0:52  Refinery  
  16  0:55  SCV  
  17  1:07  SCV  
  18  1:19  SCV  
  19  1:32  Supply Depot  
  19  1:34  Orbital Command  
  19  1:38  Marine  
  20  1:55  Command Center  
  20  1:57  Factory  
  20  1:59  Marine  
  21  2:14  SCV  
  22  2:19  Marine  
  23  2:26  SCV  
  24  2:38  SCV  
  24  2:40  Factory  
  24  2:42  Supply Depot  
  24  2:43  Hellion  
  27  3:01  Barracks Reactor  
  27  3:08  Bunker  
  27  3:10  Hellion  
  29  3:13  Orbital Command  
  29  3:22  Command Center  
  29  3:23  SCV  
  29  3:25  Factory Tech Lab  
  30  3:32  Refinery  
  30  3:49  Refinery, SCV x2  
  30  3:53  Siege Tank  
  35  4:01  SCV x2  
  37  4:05  Hellion  
  39  4:13  SCV x2  
  39  4:14  Engineering Bay  
  41  4:25  Marine, SCV x2  
  41  4:27  Siege Tank  
  41  4:29  Hellion  
  49  4:37  SCV x2  
  51  4:46  Hellion  
  51  4:49  SCV x2  
  51  4:50  Orbital Command  
  55  5:01  Command Center, SCV  
  55  5:02  SCV  
  57  5:10  Hellion, Siege Tank  
  57  5:11  Orbital Command  
  62  5:21  SCV x2  
  64  5:28  Factory  
  64  5:30  Factory  
  64  5:32  Hellion  
  64  5:33  SCV x2  
  68  5:36  SCV  
  69  5:43  Armory  
  69  5:47  Armory  
  69  5:54  Refinery  
  69  5:55  Supply Depot  
  69  6:13  SCV x3  
  72  6:20  Factory Tech Lab  
  72  6:21  Factory Reactor  
  72  6:22  Siege Tank  
  75  6:36  Hellion x2  
  79  6:44  SCV x2  
  81  6:48  Missile Turret  
  81  6:51  SCV  
  82  6:54  Command Center  
  82  6:55  Thor  
  82  6:56  SCV  
  82  7:01  Supply Depot  
  89  7:10  Infernal Pre-Igniter  
  89  7:19  Hellbat  
  89  7:22  Thor, Hellbat x2  
  93  7:23  Hellbat  
  93  7:24  Supply Depot  
  81  7:35  Refinery  
  81  7:36  Refinery  
  78  7:45  Factory  
  78  7:46  Factory  
  78  7:47  Supply Depot  
  78  7:49  Factory  
  78  7:55  Hellbat  
  78  7:57  Hellbat x3  
  86  8:00  Supply Depot  
  86  8:03  Supply Depot  
  86  8:04  SCV x3  
  89  8:05  Planetary Fortress  
  89  8:13  Sensor Tower  
  89  8:16  SCV x2  
  91  8:24  SCV  
  91  8:25  Supply Depot  
  91  8:27  Supply Depot  
  92  8:28  SCV x2  
  94  8:34  Supply Depot  
  94  8:36  SCV  
  94  8:37  Factory Tech Lab  
  94  8:38  Factory Tech Lab  
  94  8:39  Refinery, Factory Tech Lab  
  94  8:40  SCV x2  
  97  8:42  SCV  
  97  8:48  SCV  
  99  8:52  SCV  
  100  8:56  Command Center, Supply Depot  
  100  8:58  Thor  
  106  9:05  SCV x4  
  110  9:10  Thor  
  110  9:13  Terran Vehicle Weapons Level 1  
  116  9:20  Refinery  
  116  9:31  Thor x2  
  116  9:36  SCV x2  
  116  9:37  Missile Turret x2  
  130  9:41  SCV x2  
  132  9:49  Thor  
  132  9:51  Hellbat x4  
  146  9:53  SCV  
  146  9:54  SCV  
  148  10:01  Missile Turret x2, SCV x2  
  148  10:06  Missile Turret, SCV  
  151  10:16  SCV x2  
  151  10:17  Missile Turret  
  151  10:19  SCV  
  154  10:23  Thor x2  
  154  10:25  Thor  
  154  10:27  Thor  
  178  10:37  Missile Turret  
  178  10:47  Command Center  
  178  10:48  Missile Turret  
  178  10:57  Factory  
  178  10:59  Factory  
  178  11:00  Missile Turret, Factory  
  178  11:01  Factory  
  178  11:07  Hellbat x4  
  158  11:14  Thor  
  158  11:15  Thor x2  
  170  11:28  Supply Depot  
  168  11:36  Hellbat x3  
  168  11:37  Hellbat  
  176  11:45  Thor  
  176  11:46  Thor  
  176  11:51  Supply Depot  
  153  12:14  Thor x2, Hellbat x3  
  153  12:15  Thor, Hellbat  
  179  12:27  Thor  
  181  12:31  Thor  
  185  12:38  Factory Tech Lab  
  185  12:39  Factory Tech Lab  
  185  12:40  Factory Reactor  
  185  12:48  Planetary Fortress  
  185  12:50  Missile Turret  
  185  12:51  Refinery  
  185  12:52  Refinery  
  185  12:57  Thor  
  191  13:00  Thor  
  195  13:26  Factory Tech Lab  
Tags
 
Composition
Mech
Matchup
TvZ
Replay Pack
2025 replay dump
Spawn Locations
Cross Positions
Add a new tag
Caveats
  • Supply blocks, unpowered buildings, or Contaminate may cause inaccurate times.
  • Supply counts are checked every 10 seconds.